 Dungeon Crawl Stone Soup version 0.27-a0-1188-g73eefd5def (webtiles) character file.

Game seed: 1462463041050742713

137 Glokmah the Chopper (level 5, -5/42 HPs)
             Began as a Demonspawn Monk on May 22, 2021.
             Slain by Crazy Yiuf
             ... wielding a +3 quarterstaff of chaos
              (6 damage)
             ... while petrified by Crazy Yiuf
             ... on level 3 of the Dungeon.
             The game lasted 00:06:17 (3763 turns).

Glokmah the Chopper (Demonspawn Monk)               Turns: 3763, Time: 00:06:17

Health: -5/42      AC:  6    Str: 12    XL:     5   Next: 0%
Magic:  0/5        EV:  2    Int: 11    God:
Gold:   181        SH:  0    Dex: 16    Spells: 4/4 levels left

rFire    . . .     SeeInvis .   a - +1 hand axe
rCold    . . .     Faith    .   (no shield)
rNeg     + + +     Spirit   .   c - +1 ring mail
rPois    ∞         Reflect  .   (no helmet)
rElec    .         Harm     .   (no cloak)
rCorr    .         Rampage  .   (no gloves)
Will     .....                  (no boots)
Stlth    +.........             (no amulet)
HPRegen  0.14/turn              (no ring)
MPRegen  0.09/turn              (no ring)

@: petrified
A: hooves 2, powered by death 1
a: no special abilities


You were on level 3 of the Dungeon.
You visited 1 branch of the dungeon, and saw 3 of its levels.

You collected 181 gold pieces.

Inventory:

Hand Weapons
 a - a +1 hand axe (weapon)
 e - a +3 hunting sling
Missiles
 f - 6 poisoned darts (quivered)
 g - 7 silver javelins
Armour
 c - a +1 ring mail (worn)
Wands
 h - a wand of paralysis (4)
Scrolls
 b - a scroll of noise
 i - a scroll of fog


   Skills:
 + Level 4.0 Fighting
 * Level 4.5 Axes
 - Level 2.6 Dodging
 - Level 1.7 Stealth


You had 4 spell levels left.
You didn't know any spells.
Your spell library contained the following spells:

 Spells                   Type           Power      Damage    Failure   Level
 Confusing Touch          Hex            0%         N/A       94%         3
 Gell's Gravitas          Tloc           0%         N/A       94%         3
 Petrify                  Tmut/Erth      0%         N/A       100%        4
 Metabolic Englaciation   Hex/Ice        0%         N/A       100%        5
 Yara's Violent Unravell  Hex/Tmut       0%         3d3       100%        5


Dungeon Overview and Level Annotations

Branches:
Dungeon (3/15)

Altars:

Shops:
D:3 :

Annotations:
D:3 Crazy Yiuf


Innate Abilities, Weirdness & Mutations

You have hoof-like feet.
You regenerate a little health from kills.


Message History

You throw a poisoned dart.
The poisoned dart closely misses Crazy Yiuf.
Cleave: a) +0 hand axe
Press: ? - help, Dir - move target, f/p - Crazy Yiuf
Aim: Crazy Yiuf, wielding a +3 quarterstaff of chaos and wearing a +0 cloak (about 31% to evade your +0 hand axe)
Okay, then.
Aiming: Paralyse
Press: ? - help, Shift-Dir - straight line, f/p - Crazy Yiuf
Aim: Crazy Yiuf, wielding a +3 quarterstaff of chaos and wearing a +0 cloak (chance to affect: 54%) Crazy Yiuf resists with significant effort.
Crazy Yiuf sings, "Trees, trees, trees, circus!"
Crazy Yiuf hits you with a +3 quarterstaff of chaos.
You are slowing down.
As you read the scroll labelled WINA GO JOFEYH, it crumbles to dust.
It is a scroll of enchant weapon.
Your +0 hand axe glows red for a moment.
Crazy Yiuf barely misses you.
Crazy Yiuf glowers.
Crazy Yiuf hits you with a +3 quarterstaff of chaos.
Your limbs are stiffening.
You aren't carrying any potions.
You hit Crazy Yiuf but do no damage. Your kick misses Crazy Yiuf.
Crazy Yiuf hits you with a +3 quarterstaff of chaos.
You have turned to stone.
Crazy Yiuf drinks a potion.
Crazy Yiuf seems to grow stronger.
Crazy Yiuf hits you with a +3 quarterstaff of chaos!
Crazy Yiuf burns you.
Crazy Yiuf hits you with a +3 quarterstaff of chaos!
Space warps horribly around you!
Crazy Yiuf hits you with a +3 quarterstaff of chaos!
* * * LOW HITPOINT WARNING * * *
You feel your power leaking away.
Crazy Yiuf hits you with a +3 quarterstaff of chaos!
* * * LOW HITPOINT WARNING * * *
Crazy Yiuf burns you.
Crazy Yiuf yells, "Gum!
Cholesterol shoe song."
Crazy Yiuf barely misses you.
Crazy Yiuf glowers.
Crazy Yiuf hits you with a +3 quarterstaff of chaos!
You die...

.#.........##
##########
>'.........'# #####
#........##
##.........## #..)#
########..#
##.<.......'# #..(#
#########.#
##.........## *...*
#..........
#####......## *#'#*
##########. #
####....# ♣♣.♣ #. #
#...(# ♣g♣♣ ##
#..<.# ♣♣@♣ # #....#
♣.♣♣ # #....# ♣♣.♣♣
### ##....# ♣...♣♣
..# #.....# ♣....♣
..#####.....# #....#
......'.....####..##
###
.######............#
#.. .#
#......##...## ##.


You could see Crazy Yiuf (strong).

Vanquished Creatures
  An orc priest (D:3)
  An orc wizard (D:3)
  2 adders
  3 worms
  2 dart slugs (D:2)
  4 orcs (D:3)
  A bat (D:2)
  2 endoplasms (D:3)
  A giant cockroach (D:3)
  5 goblins
  10 hobgoblins
  2 jackals (D:2)
  A quokka (D:1)
  3 ball pythons
  2 frilled lizards (D:1)
  A kobold (D:1)
  3 rats
44 creatures vanquished.

Notes
Turn   | Place    | Note
-------+----------+-------------------------------------------
     0 | D:1      | Glokmah the Demonspawn Monk began the quest for the Orb.
     0 | D:1      | Reached XP level 1. HP: 18/18 MP: 1/1
   445 | D:1      | Gained mutation: You have large cloven feet. [demonic
                  | ancestry]
   445 | D:1      | Reached XP level 2. HP: 16/24 MP: 2/2
   845 | D:1      | Found a faded altar of an unknown god.
  1877 | D:2      | Gained mutation: You have hoof-like feet. [demonic
                  | ancestry]
  1877 | D:2      | Reached XP level 3. HP: 29/29 MP: 3/3
  2409 | D:3      | Found Gebolaru's Book Shop.
  3033 | D:3      | Reached XP level 4. HP: 8/37 MP: 4/4
  3472 | D:3      | Gained mutation: You regenerate a little health from kills.
                  | [demonic ancestry]
  3472 | D:3      | Reached XP level 5. HP: 42/42 MP: 5/5
  3518 | D:3      | Found a runed translucent door.
  3519 | D:3      | Noticed Crazy Yiuf
  3761 | D:3      | HP: 1/42 [Crazy Yiuf/+3 quarterstaff of chaos (5)]
  3763 | D:3      | Slain by Crazy Yiuf

Illustrated notes

Levels and vault maps discovered:
D:1:      ebering_hopf_link, layout_basic, basic_ecumenical_altar,
          serial_bayou_pond_c
D:2:      layout_rooms
D:3:      layout_basic, serial_shops, nicolae_shop_window_shopping,
          uniq_crazy_yiuf_cottage

Skill      XL: |  1  2  3  4 |
---------------+-------------+-----
Axes           | 3 4 |  4.5
Fighting       | 4 |  4.0
Dodging        | |  2.6
Stealth        | |  1.7

Action                   |  1- 3 |  4- 6 || total
-------------------------+-------+-------++-------
Melee: Hand axe          |   149 |    27 ||   176
       Kick              |    30 |     7 ||    37
Throw: Javelin           |     5 |     2 ||     7
       Dart              |       |     1 ||     1
Evoke: Wand              |       |     2 ||     2
  Use: Scroll            |     8 |     1 ||     9
 Stab: Sleeping          |     1 |       ||     1
       Paralysed         |       |     3 ||     3
Armor: Ring mail         |    46 |    10 ||    56
       Robe              |     2 |       ||     2
Dodge: Dodged            |    81 |    16 ||    97

Table legend: (Time is in decaauts)
 A = Elapsed time spent in this place.
 B = Non-inter-level travel time spent in this place.
 C = Inter-level travel time spent in this place.
 D = Time resting spent in this place.
 E = Time spent auto-exploring this place.
 F = Levels seen in this place.
 G = Mean time per level.
                   A        B        C        D        E       F      G
               +--------+--------+--------+--------+--------+-----+--------+
         Total |   3797 |   3613 |    184 |    637 |   2330 |   3 | 1265.7 |
       Dungeon |   3797 |   3613 |    184 |    637 |   2330 |   3 | 1265.7 |
               +--------+--------+--------+--------+--------+-----+--------+

Top non-repeatable levels by time:
     D:3: 1604 daAuts
     D:1: 1433 daAuts
     D:2: 759 daAuts
